 Dungeon Crawl Stone Soup version 0.20.1-1-g8b1a95d (webtiles) character file.

35 tidbits the Insei (level 3, -4/27 HPs)
             Began as a Demigod Transmuter on Aug 19, 2017.
             Slain by a gnoll
             ... wielding a +0 spear
              (7 damage)
             ... on level 2 of the Dungeon.
             The game lasted 00:09:30 (740 turns).

tidbits the Insei (Demigod Transmuter)               Turns: 740, Time: 00:09:31

Health: -4/27      AC:  2    Str: 13    XL:     3   Next: 4%
Magic:  4/8        EV: 19    Int: 19    God:
Gold:   40         SH:  0    Dex: 21    Spells: 0/6 levels left

rFire    . . .     SeeInvis .     - Unarmed
rCold    . . .     Gourm    .   (shield currently unavailable)
rNeg     . . .     Faith    .   (armour currently unavailable)
rPois    x         Spirit   .   (helmet currently unavailable)
rElec    .         Reflect  .   (cloak currently unavailable)
rCorr    .         Harm     .   (gloves currently unavailable)
MR       .....                  (boots currently unavailable)
Stlth    ++........             (no amulet)
Regen    0.1/turn               (no ring)
MPRegen  0.2/turn               (no ring)

@: spider-form
A: high mp 1
a: End Transformation


You were on level 2 of the Dungeon.
You were not hungry.
You were a venomous arachnid creature.
You visited 1 branch of the dungeon, and saw 3 of its levels.

You collected 40 gold pieces.

Inventory:

Hand Weapons
 h - a +2 dagger of speed (melded)
   (You took it off a kobold on level 1 of the Dungeon)
Missiles
 a - 30 arrows
Armour
 b - a +0 robe (melded)
Scrolls
 e - a scroll of enchant weapon {unknown}
 i - 4 scrolls of identify {unknown}
 j - 2 scrolls of magic mapping {unknown}
 k - a scroll of random uselessness {unknown}
 s - a scroll of teleportation {unknown}
Potions
 g - 2 potions of haste {unknown}
 l - 2 potions of mutation {unknown}
 m - a potion of brilliance {unknown}
 o - 2 potions of lignification {unknown}
 q - a potion of resistance {unknown}
 r - a potion of heal wounds {unknown}
Books
 c - a book of Changes

   Spells                             Type                      Level
   a - Beastly Appendage              Transmutation                1
   b - Sticks to Snakes               Transmutation                2
   c - Spider Form                    Transmutation/Poison         3
   d - Ice Form                       Ice/Transmutation            4
   e - Blade Hands                    Transmutation                5
Comestibles
 d - 2 bread rations
 f - 3 meat rations
 p - 4 fruits


   Skills:
 - Level 0.8 Fighting
 - Level 1.7 Dodging
 + Level 3.1 Unarmed Combat
 - Level 2.0 Spellcasting
 - Level 2.6 Transmutations


You couldn't memorise any spells.
You knew the following spells:

 Your Spells              Type           Power        Failure   Level  Hunger
e - Beastly Appendage     Tmut           ##....       16%         1    #......
k - Sticks to Snakes      Tmut           ##......     22%         2    ###....
p - Spider Form           Tmut/Pois      #.........   50%         3    ###....


Dungeon Overview and Level Annotations

Branches:
Dungeon (3/15)


Innate Abilities, Weirdness & Mutations

You have an increased reservoir of magic. (+10% MP)


Message History

Increase (S)trength, (I)ntelligence, or (D)exterity?
You feel clever. x2
i - 4 scrolls labeled YDOLAO NURUANA (gained 1) Memorise Spider Form, consuming 3 spell levels and leaving 0?
You start memorising the spell.
You continue memorising.
The goblin shouts!
You continue memorising.
Your ball python closely misses the goblin.
Your ball python barely misses the goblin.
You continue memorising.
You finish memorising.
Spell assigned to 'p'.
Casting: Sticks to Snakes
Confirm with . or Enter, or press ? or * to list all spells.
You extend your transformation's duration.
Your ball python bites the goblin.
Your ball python closely misses the goblin.
You hit the goblin. You claw the goblin.
You kill the goblin!
Your ball python withers and dies!
Found 7 gold pieces.
You now have 40 gold pieces (gained 7).
Your transformation is almost over.
Found a stone staircase leading down.
Your talons disappear.
There is a stone staircase leading down here.
You climb downwards.
Found 14 poisoned needles.
There is a stone staircase leading up here.
Found 9 bolts.
An orc and an orc priest come into view.
The orc shouts!
An orc priest comes into view.
There is a stone staircase leading up here.
You climb upwards.
There is a stone staircase leading down here.
There is a stone staircase leading up here.
Found a scroll labeled LICUABBUADD.
A gnoll comes into view. It is wielding a club.
Found a runed short sword.
s - a scroll labeled LICUABBUADD A hobgoblin comes into view.
A gnoll comes into view. It is wielding a spear.
Found a robe.
Found two stone staircases leading down.
Casting: Beastly Appendage
Confirm with . or Enter, or press ? or * to list all spells.
You turn into a venomous arachnid creature.
Your +2 dagger of speed melds into your body.
Your +0 robe melds into your body. 2 bats come into view. 2 gnolls come into view.
The gnoll shouts! x2
The bat moves out of view.
The gnoll shouts!
The gnoll hits you from afar with a spear.
The gnoll hits you with a club!
* * * LOW HITPOINT WARNING * * *
The bat misses you.
You closely miss the bat. The bat closely misses you.
The gnoll hits you from afar with a spear.
* * * LOW HITPOINT WARNING * * *
The gnoll hits you.
* * * LOW HITPOINT WARNING * * *
The gnoll completely misses you. The bat hits you but does no damage.
Your transformation is almost over.
The hobgoblin shouts!
The bat barely misses you. x2
The bat barely misses you.
All of the chunks of flesh in your inventory have rotted away.
The bat completely misses you. The bat hits you but does no damage.
The gnoll completely misses you. The bat misses you.
The bat closely misses you. The bat misses you. The bat completely misses you.
The bat misses you. The bat barely misses you. The bat hits you.
* * * LOW HITPOINT WARNING * * *
The bat hits you but does no damage. x2
The bat hits you but does no damage. The bat hits you.
* * * LOW HITPOINT WARNING * * *
The bat completely misses you. The bat misses you.
Your transformation has ended.
Your +2 dagger of speed unmelds from your body.
Your +0 robe unmelds from your body.
Your hands tingle!
The bat barely misses you. The bat barely misses you.
The bat closely misses you.
You hit the bat.
You kill the bat!
The bat closely misses you.
Casting: Spider Form
Confirm with . or Enter, or press ? or * to list all spells.
You turn into a venomous arachnid creature.
Your +2 dagger of speed melds into your body.
Your +0 robe melds into your body.
The bat completely misses you.
You barely miss the bat. The bat misses you. The bat barely misses you.
The gnoll hits you from afar with a spear.
* * * LOW HITPOINT WARNING * * *
The bat hits you but does no damage. The bat completely misses you.
The bat closely misses you.
The gnoll hits you from afar with a spear!
You die...

# #...# # #...# # .... ######
#...# ##........# .....#
#...####.#......)# ######
..##.####........##....>.# #.....
#............###.# #...#.###.....
.............# #.# ##............
#............###.###..#...##.....
#.##.####......bs##.#......#.....
.....####...####.#.#.g......#####
..............###g##...........[.
...###..#...#.# #gg..g.......####
...###..#...#.####g..........#
#.##.....†......##.#.........#
#.##.#..#...#.#.##.#.#.....#.#
#.......##.##.#.##.............
....)................#..####...>


You could see 3 gnolls, a hobgoblin and a bat.

Vanquished Creatures
  An adder (D:2)
  A dart slug (D:2)
  2 giant cockroaches
  4 goblins
  4 hobgoblins
  4 kobolds (D:1)
  3 bats
  2 frilled lizards
  A rat (D:1)
22 creatures vanquished.

Vanquished Creatures (collateral kills)
  A rat (D:2)
1 creature vanquished.

Grand Total: 23 creatures vanquished

Notes
Turn   | Place    | Note
-------+----------+-------------------------------------------
     0 | D:1      | tidbits the Demigod Transmuter began the quest for the Orb.
     0 | D:1      | Reached XP level 1. HP: 15/15 MP: 5/5
    59 | D:1      | Reached skill level 3 in Unarmed Combat
   150 | D:1      | Reached skill level 2 in Transmutations
   206 | D:1      | Reached XP level 2. HP: 11/22 MP: 5/7
   210 | D:1      | Learned a level 2 spell: Sticks to Snakes
   406 | D:2      | Reached skill level 2 in Spellcasting
   583 | D:2      | Reached XP level 3. HP: 22/27 MP: 5/8
   589 | D:2      | Learned a level 3 spell: Spider Form
   740 | D:2      | Slain by a gnoll

Skill      XL: |  1  2 |
---------------+-------+-----
Unarmed Combat | 3 |  3.1
Transmutations | 2 |  2.6
Spellcasting   | 2 |  2.0
Fighting       | |  0.8
Dodging        | |  1.7

Action                   || total
-------------------------++-------
Melee: Dagger            ||    60
       Unarmed           ||    18
       Headbutt          ||     7
       Kick              ||    11
       Punch             ||     1
 Cast: Beastly Appendage ||    15
       Sticks to Snakes  ||     2
       Spider Form       ||     2
Armor: Robe              ||     4
       Skin              ||     6
Dodge: Dodged            ||    60

Table legend:
 A = Turns spent in this place as a percentage of turns spent in the entire game.
 B = Non-inter-level travel turns spent in this place as a percentage of non-inter-level travel turns spent in the entire game.
 C = Inter-level travel turns spent in this place as a percentage of turns spent in this place.
 D = Turns resting spent in this place as a percentage of non-inter-level travel turns spent in this place.
 E = Turns spent auto-exploring this place as a percentage of non-inter-level travel turns spent in this place.
 F = Non-inter-level travel turns spent in this place divided by the number of levels of this place that you've seen.
                   A       B       C       D       E      F
               +-------+-------+-------+-------+-------+----------------------
         Total | 100.0 | 100.0 |   0.0 |   0.0 |   0.0 | 240.3
       Dungeon | 100.0 | 100.0 |   0.0 |   0.0 |   0.0 | 240.3
               +-------+-------+-------+-------+-------+----------------------

Table legend:
 A = Kills in this place as a percentage of kills in entire the game.
 B = Kills by you in this place as a percentage of kills by you in the entire game.
 C = Kills by friends in this place as a percentage of kills by friends in the entire game.
 D = Other kills in this place as a percentage of other kills in the entire game.
 E = Experience gained in this place as a percentage of experience gained in the entire game.
 F = Experience gained in this place divided by the number of levels of this place that you have seen.
                   A       B       C       D       E      F
               +-------+-------+-------+-------+-------+----------------------
         Total | 100.0 | 100.0 | 100.0 |  -nan | 100.0 |  17.0
       Dungeon | 100.0 | 100.0 | 100.0 |  -nan | 100.0 |  17.0
               +-------+-------+-------+-------+-------+----------------------

Vault maps used:
D:1:      mrwooster_arrival_statue_2
D:3:      marbit_many_paths
